Cogmind - Beta 15 @@@ ROGUE MODE // 2025.07.23 @ 04:01:06 Player: AshCrow Result: Destroyed by Y-64 Sentinel with KE Penetrator Performance ------------- Evolutions (4) 2000 Regions Visited (9) 1800 Robots Destroyed (36) 180 Value Destroyed (1168) 1168 Prototype IDs (1) 20 Alien Tech Used (0) 0 Bonus (500) 500 TOTAL SCORE: 5668 Bonus ------- Entered DSFs 500 Cogmind --------- Core Integrity 0/850 Matter 258/300 Energy 100/100 System Corruption 2% Temperature Cool (9) Movement Core (700) Ox13 Location -6/Lower Caves Parts ------- > --- POWER (3) -------- (None) > --- PROPULSION (5) --- (None) > --- UTILITY (3) ------ High-capacity Storage Unit Advanced Visual Processing Unit > --- WEAPON (4) ------- (None) > --- INVENTORY (20) --- Light Ion Engine Light Ion Engine Light Ion Engine Light Nuclear Core Improved Heat Sink Small Storage Unit System Restoration Module Small Laser Light Assault Rifle Shotgun Peak State ------------ > --- POWER ------------ Light Nuclear Core Light Nuclear Core Light Fission Core > --- PROPULSION ------- Light Treads Light Treads Armored Treads Improved VSS Leg > --- UTILITY ---------- High-capacity Storage Unit Advanced Visual Processing Unit Improved Utility Shielding > --- WEAPON ----------- Autogun High-powered Shotgun Enhanced Autogun Coil Gun > --- INVENTORY -------- Light Ion Engine Light Ion Engine Light Ion Engine Light Nuclear Core Improved Heat Sink Small Storage Unit System Restoration Module Small Laser Light Assault Rifle Shotgun [Rating: 43] Favorites ----------- Power Light Nuclear Core Engine Ion Engine Power Core Light Nuclear Core Propulsion Light Treads Treads Light Treads Leg Improved VSS Leg Utility High-capacity Storage Unit Device Cooling System Storage High-capacity Storage Unit Processor Advanced Visual Processing Unit Protection Improved Utility Shielding Weapon High-powered Shotgun Energy Gun Small Laser Ballistic Gun High-powered Shotgun Launcher Grenade Launcher Build | -11 -10 -10 -9 -9 -8 -7 -7 -6 -6 ------- Run | Yrd Mat Min Mat Min Mat Fac DSF Fac Low Slots Evolved 8 | . . . 2 . 2 2 . 2 . Power 2 | . . . . . 1 1 . . . Propulsion 3 | . . . 2 . . . . 1 . Utility 1 | . . . . . . 1 . . . Weapon 2 | . . . . . 1 . . 1 . Parts Attached 31 | 6 1 2 4 3 7 . . 7 1 Power 7 | 1 . 1 1 . 2 . . 2 . Engine 2 | 1 . 1 . . . . . . . Core 5 | . . . 1 . 2 . . 2 . Reactor . | . . . . . . . . . . Propulsion 8 | 2 . . 3 1 . . . 1 1 Treads 6 | 2 . . 2 1 . . . . 1 Leg 2 | . . . 1 . . . . 1 . Wheel . | . . . . . . . . . . Hover . | . . . . . . . . . . Flight . | . . . . . . . . . . Utility 7 | 1 1 . . 2 1 . . 2 . Device 2 | . 1 . . . . . . 1 . Storage 2 | 1 . . . 1 . . . . . Processor 2 | . . . . 1 1 . . . . Hackware . | . . . . . . . . . . Protection 1 | . . . . . . . . 1 . Artifact . | . . . . . . . . . . Weapon 9 | 2 . 1 . . 4 . . 2 . Energy Gun 1 | 1 . . . . . . . . . Energy Cannon . | . . . . . . . . . . Ballistic Gun 7 | 1 . . . . 4 . . 2 . Ballistic Cannon . | . . . . . . . . . . Launcher 1 | . . 1 . . . . . . . Special Weapon . | . . . . . . . . . . Impact Weapon . | . . . . . . . . . . Slashing Weapon . | . . . . . . . . . . Piercing Weapon . | . . . . . . . . . . Special Melee Weapon . | . . . . . . . . . . Unidentified Prototypes 1 | . . . . . 1 . . . . Parts Lost 19 | . . . 1 1 1 . 2 3 11 Power 5 | . . . 1 . . . . 1 3 Propulsion 7 | . . . . . . . 2 2 3 Utility 2 | . . . . 1 . . . . 1 Weapon 5 | . . . . . 1 . . . 4 Highest Loss Streak 11 | . . . 1 1 1 . 2 2 11 To Critical Strikes . | . . . . . . . . . . Average Backups 8 | 1 2 4 6 7 8 10 10 9 10 Power 3 | . 1 2 3 3 3 4 4 4 4 Propulsion . | . . . . 1 2 2 2 . . Utility 2 | . . 1 2 2 2 2 2 2 3 Weapon 1 | . 1 1 1 1 1 2 2 2 3 Tool/Special . | . . . . . . . . . . Unused Backups 6 | . . . . . . . . . 6 Power 2 | . . . . . . . . . 2 Propulsion . | . . . . . . . . . . Utility 3 | . . . . . . . . . 3 Weapon 1 | . . . . . . . . . 1 Tool/Special . | . . . . . . . . . . Average Slot Usage (%) 87 | . 92 100 84 98 88 84 79 81 83 Engine 1 | . 14 14 5 . . . . . . Core 13 | . . . 4 11 13 15 15 17 17 Treads 22 | . 28 28 24 33 27 23 20 17 16 Leg 5 | . . . 4 11 9 7 4 2 5 Device 2 | . 7 14 11 1 . . . . . Storage 8 | . 14 14 11 11 9 7 7 6 6 Processor 5 | . . . . 8 9 7 7 6 6 Protection 2 | . . . . . . . . 3 5 Energy Gun 1 | . 14 10 . . . . . . . Ballistic Gun 19 | . 14 14 11 11 16 23 23 24 23 Launcher 3 | . . 3 11 11 4 . . . . Peak Build Rating 43 | 6 8 8 12 14 25 25 25 41 43 Average Rating 25 | 4 7 8 9 12 17 25 24 34 38 On Entrance 16 | . 6 8 8 12 14 25 25 23 40 Naked Turns . | . . . . . . . . . . Heaviest Build 73 | 10 12 16 16 49 59 59 59 73 73 Greatest Support 83 | 40 40 40 40 63 63 63 63 83 60 Greatest Overweight (x) 19 | . . . 1 . . . 1 1 19 Average Overweight (x) . | . . . . . . . . . 1 Largest Inventory Capacity 20 | 8 8 8 8 20 20 20 20 20 20 Average Capacity 16 | 6 8 8 8 13 20 20 20 20 20 Most Carried 10 | 2 2 6 7 8 10 10 10 10 10 Average Carried 8 | 1 2 4 6 7 8 10 10 9 10 Final Capacity 20 | 8 8 8 8 20 20 20 20 20 20 Final Carried 10 | 2 2 6 7 8 10 10 10 10 10 Class Distribution -------------------- 26% | Scavenger-Tank 22% | Scavenger-Mutant 19% | Mutant 14% | Tank 8% | Skirmisher 5% | Scavenger-Gunner 3% | Scavenger-Skirmisher Dominant Class ---------------- Mutant | -10/Materials Mutant | -10/Mines Mutant | -9/Materials Scavenger-Mutant | -9/Mines Scavenger-Mutant | -8/Materials Scavenger-Skirmisher | -7/Factory Scavenger-Skirmisher | -7/DSF Tank | -6/Factory Scavenger-Tank | -6/Lower Caves Resources | -11 -10 -10 -9 -9 -8 -7 -7 -6 -6 ----------- Run | Yrd Mat Min Mat Min Mat Fac DSF Fac Low Matter Collected 1095 | 183 . 96 167 109 83 . 20 83 354 Remotely . | . . . . . . . . . . Salvage Created 1115 | . . 171 292 160 102 . 56 168 166 Parts 78 | . . 9 19 17 9 . 6 12 6 Haulers Intercepted 1 | . . . 1 . . . . . . Recyclers Shooed 1 | . . 1 . . . . . . . Parts Field Recycled . | . . . . . . . . . . Retrieved Matter . | . . . . . . . . . . Parts Self-Destructed 15 | . . . . . . . . . 15 Prevented . | . . . . . . . . . . Kills | -11 -10 -10 -9 -9 -8 -7 -7 -6 -6 ------- Run | Yrd Mat Min Mat Min Mat Fac DSF Fac Low Combat Hostiles Destroyed 24 | . . 2 4 6 3 . 1 5 3 Guns 15 | . . 2 1 1 2 . 1 5 3 AOE 9 | . . . 3 5 1 . . . . Classes Destroyed 13 | . . 2 4 2 1 . 1 3 . Worker 1 | . . . . 1 . . . . . Builder 4 | . . . 1 2 1 . . . . Tunneler 1 | . . . . . 1 . . . . Hauler 1 | . . . 1 . . . . . . Recycler 4 | . . 2 2 . . . . . . Operator 1 | . . . . . . . . 1 . Swarmer 3 | . . . . . . . . 3 . Grunt 14 | . . 2 2 5 3 . . . 2 Brawler 1 | . . . . 1 . . . . . Duelist 2 | . . . 1 . . . . . 1 Sentry 1 | . . . 1 . . . . . . Specialist 1 | . . . . . . . 1 . . Programmer 2 | . . . . . . . . 2 . Best Kill Streak 6 | . . 3 3 6 5 . 1 4 3 Combat Bots Only 5 | . . 2 2 5 3 . 1 4 3 Max Kills in Single Turn 2 | . . 1 2 2 2 . 1 2 1 Gunslinging 1 | . . . . . . . . 1 . Exploded 2 | . . . 2 1 1 . . . . Melee . | . . . . . . . . . . Uniques/NPCs Destroyed . | . . . . . . . . . . Combat | -11 -10 -10 -9 -9 -8 -7 -7 -6 -6 -------- Run | Yrd Mat Min Mat Min Mat Fac DSF Fac Low Hostile Shots Fired 182 | . . 13 9 13 19 . 9 28 91 Missed 41 | . . 5 1 5 4 . 2 1 23 Hits 141 | . . 8 8 8 15 . 7 27 68 Melee 11 | . . . . . . . . . 11 Projectile 130 | . . 8 8 8 15 . 7 27 57 Critical Strikes 9 | . . . 2 2 . . 1 . 4 Damage Taken 3293 | . . 107 274 154 357 . 193 412 1796 Core 1057 | . . 16 34 . 128 . 18 44 817 Absorbed by Shields . | . . . . . . . . . . Redirected to Shielding 106 | . . . . . . . . . 106 Core Remaining (%) 91 | 100 . 93 . 91 76 . 97 . . Volleys Fired 70 | . . 10 12 8 8 . 7 10 15 Largest 4 | . . 2 2 2 2 . 3 4 4 Hottest 103 | . . 60 50 50 50 . 73 103 103 Shots Fired 174 | . . 20 23 16 11 . 21 40 43 Gun 152 | . . 20 12 8 8 . 21 40 43 Cannon . | . . . . . . . . . . Launcher 22 | . . . 11 8 3 . . . . Special . | . . . . . . . . . . Kinetic 142 | . . 10 12 8 8 . 21 40 43 Thermal 10 | . . 10 . . . . . . . Explosive 22 | . . . 11 8 3 . . . . Electromagnetic . | . . . . . . . . . . Robot Hit Streak 13 | . . 13 10 10 13 . 4 4 12 Robot Miss Streak 9 | . . 2 2 1 1 . 2 9 4 Penetration Max 1 | . . . . . . . . . 1 Secondary Targets 4 | . . . . . . . . 2 2 Max Gunslinging Chain 1 | . . . . . . . . 1 1 Shots Hit Robots 111 | . . 17 16 12 10 . 7 17 32 Core Hits 75 | . . 6 16 15 12 . 2 12 12 Critical Kills 1 | . . . . . . . . 1 . Critical Parts Destroyed 1 | . . . . . 1 . . . . Critical Strikes 2 | . . . . . 1 . . 1 . Destroy 2 | . . . . . 1 . . 1 . Melee Attacks . | . . . . . . . . . . Impact . | . . . . . . . . . . Slashing . | . . . . . . . . . . Piercing . | . . . . . . . . . . Sneak Attacks . | . . . . . . . . . . Combat Hostiles . | . . . . . . . . . . Follow-up Attacks . | . . . . . . . . . . Damage Inflicted 2922 | . . 167 680 653 380 . 107 368 567 Guns 1335 | . . 159 49 39 58 . 107 356 567 Cannons . | . . . . . . . . . . Explosions 1557 | . . . 631 604 322 . . . . Melee . | . . . . . . . . . . Ramming 30 | . . 8 . 10 . . . 12 . Kinetic 1236 | . . 60 49 39 58 . 107 356 567 Thermal 391 | . . 99 131 161 . . . . . Explosive 1265 | . . . 500 443 322 . . . . Electromagnetic . | . . . . . . . . . . Impact . | . . . . . . . . . . Slashing . | . . . . . . . . . . Piercing . | . . . . . . . . . . Highest Corruption 2 | . . . . . . . . 2 2 Average Corruption 1 | . . . . . . . . 1 2 Corruption Purged . | . . . . . . . . . . Corruption Blocked . | . . . . . . . . . . Effects 13 | . . . . . . . . 2 11 Message Errors 1 | . . . . . . . . . 1 Matter Fused 2 | . . . . . . . . 1 1 Heat Flow Errors 4 | . . . . . . . . 1 3 Energy Discharges 3 | . . . . . . . . . 3 Data Loss (minor) 2 | . . . . . . . . . 2 Data Loss (major) 1 | . . . . . . . . . 1 Overload Shots . | . . . . . . . . . . Overflow Damage 34 | . . . 20 1 13 . . . . Projectiles . | . . . . . . . . . . Explosions 34 | . . . 20 1 13 . . . . Melee . | . . . . . . . . . . Knockbacks . | . . . . . . . . . . Impact . | . . . . . . . . . . Kinetic . | . . . . . . . . . . Secondary . | . . . . . . . . . . Self-Inflicted Damage 337 | . . . 166 54 117 . . . . Shots 12 | . . . 5 4 3 . . . . Rammed 7 | . . 4 . 2 . . . 1 . Targets Rammed 9 | . . 6 . 2 . . . 1 . Kicked . | . . . . . . . . . . Crushed 2 | . . 2 . . . . . . . Highest Temperature 554 | . . . 7 35 20 . . 236 554 Average Temperature 178 | . . . 7 11 7 . . 130 296 Received Heat Transfer 747 | . . 63 78 93 126 . 18 . 369 Effects 15 | . . . . . . . . . 15 Shutdowns 5 | . . . . . . . . . 5 Interference 4 | . . . . . . . . . 4 Matter Decay 1 | . . . . . . . . . 1 Short Circuit 2 | . . . . . . . . . 2 Damage (minor) 2 | . . . . . . . . . 2 Damage (core) 1 | . . . . . . . . . 1 Siege Activations . | . . . . . . . . . . Martial Activations . | . . . . . . . . . . Shielding Activations . | . . . . . . . . . . Robots Disrupted . | . . . . . . . . . . Combat Hostiles . | . . . . . . . . . . Robots Corrupted . | . . . . . . . . . . Combat Hostiles . | . . . . . . . . . . Parts Fried . | . . . . . . . . . . Impact Corruptions . | . . . . . . . . . . Robots Melted . | . . . . . . . . . . Combat Hostiles . | . . . . . . . . . . Parts Melted . | . . . . . . . . . . Heat Transferred 525 | . . 225 100 200 . . . . . Parts Sabotaged . | . . . . . . . . . . Parts Stolen . | . . . . . . . . . . Parts Stripped . | . . . . . . . . . . Power Chain Reactions . | . . . . . . . . . . Alert | -11 -10 -10 -9 -9 -8 -7 -7 -6 -6 ------- Run | Yrd Mat Min Mat Min Mat Fac DSF Fac Low Maximum Alert Level 1 | . . . 1 1 . . . . . Low Security (%) 93 | 100 100 100 86 73 100 100 100 100 . Level 1 6 | . . . 13 26 . . . . . Level 2 . | . . . . . . . . . . Level 3 . | . . . . . . . . . . Level 4 . | . . . . . . . . . . Level 5 . | . . . . . . . . . . High Security . | . . . . . . . . . . Max Security . | . . . . . . . . . . Peak Influence 247 | . . 40 219 247 69 . 20 72 . Initial 77 | . . . . 77 29 . . 7 . Average 48 | . . 11 94 151 18 . 12 5 . Influence Increases 896 | . . 60 279 230 96 . 35 136 60 Destroy 0b10 Robot/C 480 | . . 40 80 120 60 . 20 100 60 Destroy 0b10 Robot/NC 60 | . . 10 20 15 10 . . 5 . Destroy Leader 112 | . . 10 32 30 10 . . 30 . Successful Hack 7 | . . . . . 7 . . . . Disable Machine 90 | . . . 60 30 . . . . . Destroy Structure 132 | . . . 87 35 9 . . 1 . Lose Combat Pursuer 15 | . . . . . . . 15 . . Influence Decreases 896 | . . 60 80 354 171 . 20 95 116 Entered New Map 197 | . . . . 122 46 . . 8 21 Time Decay 581 | . . 60 70 222 115 . . 67 47 Lost Part 118 | . . . 10 10 10 . 20 20 48 Squads Dispatched 4 | . 1 . 1 1 . . . 1 . Investigation 2 | . 1 . . 1 . . . . . Extermination 1 | . . . . . . . . 1 . Reinforcement 1 | . . . 1 . . . . . . Assault . | . . . . . . . . . . Garrison . | . . . . . . . . . . Intercept . | . . . . . . . . . . Searches Triggered . | . . . . . . . . . . Construction Impeded 1 | . . . 1 . . . . . . Haulers Reinforced . | . . . . . . . . . . Active Scanning Responses . | . . . . . . . . . . Cargo Convoy Interrupts . | . . . . . . . . . . Stealth | -11 -10 -10 -9 -9 -8 -7 -7 -6 -6 --------- Run | Yrd Mat Min Mat Min Mat Fac DSF Fac Low Distress Signals 1 | . . . 1 . . . . . . Communications Jammed . | . . . . . . . . . . Distress Signals . | . . . . . . . . . . Times Spotted 35 | . . 2 6 6 7 . 2 6 6 Peak Tracking Total 5 | . . 2 3 5 5 . 1 2 5 Tactical Retreats 1 | . . . . . . . 1 . . Traps | -11 -10 -10 -9 -9 -8 -7 -7 -6 -6 ------- Run | Yrd Mat Min Mat Min Mat Fac DSF Fac Low Traps Triggered 2 | . 1 . . . . . 1 . . Indirectly . | . . . . . . . . . . Trap Hack Attempts . | . . . . . . . . . . Triggered . | . . . . . . . . . . Disarmed . | . . . . . . . . . . Reprogrammed . | . . . . . . . . . . Reused . | . . . . . . . . . . Traps Extracted . | . . . . . . . . . . Installed . | . . . . . . . . . . Triggered . | . . . . . . . . . . Machines | -11 -10 -10 -9 -9 -8 -7 -7 -6 -6 ---------- Run | Yrd Mat Min Mat Min Mat Fac DSF Fac Low Machines Disabled 6 | . . . 4 2 . . . . . Max in Single Turn 3 | . . . 3 2 . . . . . Machines Repaired . | . . . . . . . . . . Machines Dismantled . | . . . . . . . . . . Machines Sabotaged . | . . . . . . . . . . Overloaded Fab Kills . | . . . . . . . . . . Hacking | -11 -10 -10 -9 -9 -8 -7 -7 -6 -6 --------- Run | Yrd Mat Min Mat Min Mat Fac DSF Fac Low Machines Accessed 4 | . . . 1 1 1 1 . . . Terminals 4 | . . . 1 1 1 1 . . . Fabricators . | . . . . . . . . . . Repair Stations . | . . . . . . . . . . Recycling Units . | . . . . . . . . . . Scanalyzers . | . . . . . . . . . . Garrison Access . | . . . . . . . . . . Total Hacks 14 | . . . 1 7 4 2 . . . Successful 6 | . . . . 4 1 1 . . . Failed 8 | . . . 1 3 3 1 . . . Catastrophic . | . . . . . . . . . . Database Lockouts . | . . . . . . . . . . Manual 5 | . . . . 5 . . . . . Terminals 14 | . . . 1 7 4 2 . . . Fabricators . | . . . . . . . . . . Repair Stations . | . . . . . . . . . . Recycling Units . | . . . . . . . . . . Scanalyzers . | . . . . . . . . . . Garrison Access . | . . . . . . . . . . Terminal Hacks 6 | . . . . 4 1 1 . . . Record 4 | . . . . 4 . . . . . Open DSF 1 | . . . . . . 1 . . . Branch Access Points 1 | . . . . . 1 . . . . Fabricator Hacks . | . . . . . . . . . . Repair Station Hacks . | . . . . . . . . . . Recycling Unit Hacks . | . . . . . . . . . . Scanalyzer . | . . . . . . . . . . Garrison Access Hacks . | . . . . . . . . . . Unauthorized Hacks . | . . . . . . . . . . Terminals . | . . . . . . . . . . Fabricators . | . . . . . . . . . . Repair Stations . | . . . . . . . . . . Recycling Units . | . . . . . . . . . . Scanalyzers . | . . . . . . . . . . Garrison Access . | . . . . . . . . . . Data Cores Recovered 1 | . . . . . . . . 1 . Used . | . . . . . . . . . . Hacking Detections 1 | . . . . 1 . . . . . Full Trace Events 1 | . . . . 1 . . . . . Feedback Events . | . . . . . . . . . . Feedback Blocked . | . . . . . . . . . . Robot Schematics Acquired . | . . . . . . . . . . Robots Built . | . . . . . . . . . . Authchips . | . . . . . . . . . . Time . | . . . . . . . . . . Total Robot Build Rating . | . . . . . . . . . . Part Schematics Acquired . | . . . . . . . . . . Parts Built . | . . . . . . . . . . Authchips . | . . . . . . . . . . Time . | . . . . . . . . . . Total Part Build Rating . | . . . . . . . . . . Parts Repaired . | . . . . . . . . . . Time . | . . . . . . . . . . Parts Recycled . | . . . . . . . . . . Recycled Matter . | . . . . . . . . . . Retrieved Matter . | . . . . . . . . . . Retrieved Components . | . . . . . . . . . . Parts Scanalyzed . | . . . . . . . . . . Part Schematics Acquired . | . . . . . . . . . . Parts Damaged . | . . . . . . . . . . Bothacking | -11 -10 -10 -9 -9 -8 -7 -7 -6 -6 ------------ Run | Yrd Mat Min Mat Min Mat Fac DSF Fac Low Used RIF Installer . | . . . . . . . . . . Robots Hacked . | . . . . . . . . . . Non-combat . | . . . . . . . . . . Combat . | . . . . . . . . . . Robot Hacks Applied . | . . . . . . . . . . Relay Couplers Released . | . . . . . . . . . . Fabnet Peak Effective % . | . . . . . . . . . . Robots Rewired . | . . . . . . . . . . Allies Hacked . | . . . . . . . . . . Hacks Repelled . | . . . . . . . . . . Allies | -11 -10 -10 -9 -9 -8 -7 -7 -6 -6 -------- Run | Yrd Mat Min Mat Min Mat Fac DSF Fac Low Total Allies . | . . . . . . . . . . Largest Group . | . . . . . . . . . . Highest-Rated Group . | . . . . . . . . . . Highest-Rated Ally . | . . . . . . . . . . Total Orders . | . . . . . . . . . . Ally Attacks . | . . . . . . . . . . Total Damage . | . . . . . . . . . . Kills . | . . . . . . . . . . Allies Corrupted . | . . . . . . . . . . Allies Melted . | . . . . . . . . . . Intel | -11 -10 -10 -9 -9 -8 -7 -7 -6 -6 ------- Run | Yrd Mat Min Mat Min Mat Fac DSF Fac Low Active Infowar (turns) 1647 | . . . . . 7 39 83 707 811 Optics 1647 | . . . . . 7 39 83 707 811 Triangulation 96 | . . . . . . . . 96 . Robot Analysis Total . | . . . . . . . . . . Derelict Logs Recovered 2 | . . . . 2 . . . . . Drone Launches . | . . . . . . . . . . Drone Recoveries . | . . . . . . . . . . Exploration | -11 -10 -10 -9 -9 -8 -7 -7 -6 -6 ------------- Run | Yrd Mat Min Mat Min Mat Fac DSF Fac Low Turns Passed 3145 | 61 76 208 229 468 342 39 83 707 932 Spaces Moved 1394 | 38 47 91 108 247 183 25 33 284 338 Core 23 | 9 . . . . . . . . 14 Treads 1352 | 29 47 91 89 247 183 25 33 284 324 Legs 19 | . . . 19 . . . . . . Wheels . | . . . . . . . . . . Hover . | . . . . . . . . . . Flight . | . . . . . . . . . . Fastest Speed 50 | 50 160 160 160 160 160 160 160 160 240 Average Speed 200 | 133 160 160 165 160 160 160 196 232 262 Slowest Speed 1000 | 160 160 160 190 160 160 160 240 240 1000 Overloaded Moves . | . . . . . . . . . . Propulsion Burnouts . | . . . . . . . . . . Robots Hopped . | . . . . . . . . . . Potential Cave-ins 3 | . . . . . . . . . 3 Cave-ins Triggered . | . . . . . . . . . . Exploration Rate (%) 22 | 4 10 17 18 49 24 1 43 9 45 Regions Visited 9 Branch Regions 3 Pre-discovered Areas 1 | . . . . 1 . . . . . Known Exits Taken 2 | . . . . 1 . 1 . . . Unknown Exits Taken 6 | 1 1 1 1 . 1 . . 1 . Scrap Searched 2 | . . . . 1 . . . . 1 Spaces Dug . | . . . . . . . . . . Terrain Destroyed 158 | . . . 93 53 10 . . 1 1 Melee . | . . . . . . . . . . Projectile 2 | . . . . . . . . 1 1 AOE 156 | . . . 93 53 10 . . . . Terrain Rammed . | . . . . . . . . . . Walls Destroyed . | . . . . . . . . . . Machines Disabled . | . . . . . . . . . . Actions | -11 -10 -10 -9 -9 -8 -7 -7 -6 -6 --------- Run | Yrd Mat Min Mat Min Mat Fac DSF Fac Low Total 1610 | 45 47 131 136 304 219 24 39 304 361 Wait 106 | . . 20 13 44 22 . . . 7 Move 1385 | 37 46 90 107 246 182 24 32 283 338 Hop . | . . . . . . . . . . Pick Up 6 | 2 . 3 . . . . . 1 . Fast Attach 20 | 6 1 . 3 1 3 . . 5 1 Attach 2 | . . . . . . . . 2 . Detach . | . . . . . . . . . . Swap 11 | . . 2 1 2 4 . . 2 . Drop 1 | . . . . 1 . . . . . Fire 70 | . . 10 12 8 8 . 7 10 15 Melee . | . . . . . . . . . . Ram . | . . . . . . . . . . Kick . | . . . . . . . . . . Crush 9 | . . 6 . 2 . . . 1 . Escape Stasis . | . . . . . . . . . . Rewire . | . . . . . . . . . . Trap . | . . . . . . . . . . Miscellaneous . | . . . . . . . . . . Route ------- -11/Scrapyard -10/Materials -10/Mines -9/Materials -9/Mines -8/Materials -7/Factory -7/DSF -6/Factory -6/Lower Caves History --------- Turn | Location | Event 10 | -11/Scrapyard | Discovered new exit (range 15) 62 | -11/Scrapyard | Entered Materials 125 | -10/Materials | Discovered new exit (range 9) 138 | -10/Materials | Entered Mines 267 | -10/Mines | YI-UF0 nonchalantly dropped a Grenade Launcher on the ground 301 | -10/Mines | Build established: Mutant 326 | -10/Mines | Discovered new exit (range 7) 346 | -10/Mines | Entered Materials 346 | -9/Materials | Evolved 2 slots: Propulsion x2 551 | -9/Materials | Discovered new exit (range 16) 575 | -9/Materials | Entered Mines 833 | -9/Mines | Build established: Scavenger-Mutant 850 | -9/Mines | Learned 2 Materials zone layouts 883 | -9/Mines | Learned location of Storage (-9) 1000 | -9/Mines | Identified exit to Materials 1043 | -9/Mines | Entered Materials 1043 | -8/Materials | Evolved 2 slots: Power x1, Weapon x1 1381 | -8/Materials | Discovered new exit (range 3) 1385 | -8/Materials | Entered Factory 1385 | -7/Factory | Evolved 2 slots: Power x1, Utility x1 1422 | -7/Factory | Identified exit to DSF 1424 | -7/Factory | Entered DSF 1465 | -7/DSF | Discovered new exit (range 20) 1472 | -7/DSF | Additional patrols routed to DSF 1507 | -7/DSF | Entered Factory 1507 | -6/Factory | Evolved 2 slots: Propulsion x1, Weapon x1 2054 | -6/Factory | Build established: Tank 2158 | -6/Factory | Discovered new exit (range 7) 2214 | -6/Factory | Entered Lower Caves 2503 | -6/Lower Caves | Build established: Scavenger-Tank 3002 | -6/Lower Caves | Attracted the attention of an 0b10 outpost 3070 | -6/Lower Caves | Core integrity fell below 50% 3109 | -6/Lower Caves | Core integrity fell below 20% 3119 | -6/Lower Caves | Lost 11 parts (3p3n1u4w) 3146 | -6/Lower Caves | Destroyed by Y-64 Sentinel with KE Penetrator Last Messages --------------- System corrupted: Matter fused (-10). Lgt. Fission Core destroyed. Broken Lgt. Nuclear Core destroyed. Critical hit (Burn: +37). Slug penetrates Wall. Imp. VSS Leg severed. Slug penetrates Wall. Enh. Autogun destroyed. Penetrated by Slug. L-41 Fighter destroyed. Critical hit (Burn: +37). Slug penetrates Wall. Penetrated by Slug. Slug penetrates Wall. Imp. Utility Shielding destroyed. Penetrated by Slug. Slug penetrates Wall. System corrupted: Energy discharge (-31). Penetrated by Slug. [Achievement: Back For More] Map ----- +----------------------------------------------------+ | | | | | | | | | | | | | | | | | ?????????????????????????????????????????????????? | | ?????????????????????????????????????????????????? | | ?????????????????????????????????????????????????? | | ?????????????????????????????????????????????????? | | ?????????????????????????????????????????????????? | | ?????????????????????????????????????????????????? | | ?????????????????????????????????????????????????? | | ?????????????????????????????????????????????????? | | ?????????????????????????????????????????????????? | | ?????????????????????????????????????????????????? | | ?????????????????????????????????????????????????? | | ?????????????????????????????????????????????????? | | ?????????????????????????????????????????????????? | | ?????????????????????????????????????????????????? | | ?????????????????????????????????????????????????? | | ????????????????????????#######??????????????????? | | ????????????????????????# ## #??????????????????? | | ????????????????????????#@# ##?????????????????? | | ?????????##???????????### # ##????????????????? | | ????????## #??????????#"##; ##???????????????? | | ????????# #????????## Y #???????????????? | | ????????# #???????# #???????????????? | | ????????# ???????# #???????????????? | | ?????????# ##?????###### ##???????????????? | | ??????????# #??????????## ##???????????????? | | ???????????# ####?######### #???????????????? | | ???????????## ### =*=! #???????????????? | | ????????????## ###%%### #???????????????? | | ?????????????# #" # #???????????????? | | ?????????????### #" #?#???????????????? | | ??????????????## #" # ????????????????? | | ??????????????# #" ## #???????????????? | | ??????????????#### #" ?? # #??????????????? | | ?????????????????## #""??""# #??????????????? | | ??????????????????# ## ###??###? #??????????????? | | ????????????????### ## ????????#??????????????? | | ???????????????## ##### ??????????????????????? | | ???????????????# ##?? ????????????????????? | | ???????????????# #???##???????????????????? | | ???????????????## #????? ?????????????????? | | ?????? ?????????## #????? #????????????????? | | ????? ????????## #####?? #????????????????? | +----------------------------------------------------+ Best States ------------- Heat Dissipation 50 Energy Generation 36 Energy Capacity 280 Matter Stores 300 Matter Capacity 300 Sight Range 20 Terrain Scan Density 85 Utility Shielding 66 Evasion (%) 50 Recoil Reduction 4 Item Schematics ----------------- None Robot Schematics ------------------ None Fabricated ------------ Nothing Repaired ---------- Nothing Alien Tech Used ----------------- None Achievements -------------- Back For More Challenges ------------ None Game ------ Seed CooledFlakRipteeth Manual? 0 Play Time 00:34:29 Cumulative 30.3 hours Start 2025.07.23 @ 03:28:16 End 2025.07.23 @ 04:01:06 Sessions 1 Manual Loads 0 Difficulty Rogue Special Mode None Game No. 52 Rogue 52 Adventurer 0 Explorer 0 Win Type - Total 0 Types 0/0/0/0/0/0/0/0/0/0 Lore% 22 Gallery% 25 Achievement% 26 Wizard Run 0 Options --------- Layout 1 ASCII 0 Keyboard 1 Movement Numpad Keybinds 0 Fullscreen 1 Font 24/Smallcaps Map View 50x40 Zoom Use 0% Tactical HUD 0 Map Filters NONE Filters NONE Steam 1 RUN: 2716e89d-083a-46ca-b053-ab82f97b0d18